 Dungeon Crawl Stone Soup version 0.31-a0-1467-g53b6572822 (webtiles) character file.

Game seed: 724681832477808293

155 autoexplore the Sneak (level 5, 0/49 HPs)
             Began as an Octopode Shapeshifter on Dec 28, 2023.
             Was an Initiate of Gozag.
             Incinerated by a bombardier beetle (3 damage)
             ... with a burning spray
             ... on level 3 of the Dungeon.
             The game lasted 00:05:07 (2089 turns).

autoexplore the Sneak (Octopode Shapeshifter)       Turns: 2089, Time: 00:05:07

Health: 0/49       AC: 22    Str: 19    XL:     5   Next: 37%
Magic:  5/5        EV:  2    Int: 18    God:    Gozag
Gold:   217        SH:  0    Dex: 14    Spells: 4/4 levels left

rFire   . . .        d - +1 dagger (elec)
rCold   + . .        (no shield)
rNeg    . . .        (helmet currently unavailable)
rPois   +            (no amulet)
rElec   .            i - +6 ring of intelligence
rCorr   .            f - ring of protection from cold
SInv    .            k - +6 ring of strength
Will    .....        (no ring)
Stlth   +            (no ring)
HPRegen 0.28/turn    (no ring)
MPRegen 0.09/turn    (no ring)
                     (no ring)

%: no passive effects
@: on fire, tree-form, glowing
A: stationary, stasis, torment immunity, boosted hp, almost no armour,
(amphibious), 8 rings, (camouflage 1), (gelatinous body 1), (nimble swimmer 1),
(tentacles)
a: Renounce Religion, Potion Petition, Call Merchant, Bribe Branch


You were on level 3 of the Dungeon.
You worshipped Gozag.
Gozag was aware of your devotion.
You were a tree.
You visited 1 branch of the dungeon, and saw 3 of its levels.

You collected 342 gold pieces.
You spent 125 gold pieces at shops.

Inventory:

Hand Weapons
 d - a +1 dagger of electrocution (weapon)
 n - a +2 antimagic flail
Jewellery
 f - a ring of protection from cold (right branch)
 i - a +6 ring of intelligence (left branch)
 k - a +6 ring of strength (on tentacle)
Talismans
 b - a beast talisman
 c - a flux talisman
Scrolls
 e - 2 scrolls of noise {unknown}
 j - 2 scrolls of blinking
 l - a scroll of identify
 m - 2 scrolls of revelation {unknown}
Potions
 g - a potion of enlightenment
 h - a potion of haste


   Skills:
 - Level 1.0 Fighting
 + Level 2.4 Short Blades
 - Level 2.0 Dodging
 + Level 4.5 Stealth
 - Level 3.0 Unarmed Combat
 - Level 3.8 Shapeshifting


You had 4 spell levels left.
You didn't know any spells.
Your spell library was empty.

Dungeon Overview and Level Annotations

Branches:
Dungeon (3/15)

Altars:
Gozag

Shops:
D:2 =**


Innate Abilities, Weirdness & Mutations

You are a tree.
Your roots penetrate the ground, keeping you stationary.
You cannot be teleported.
You are immune to unholy pain and torment.
Your maximum health is greatly increased.
You cannot wear most types of armour.
((You are amphibious.))
You can wear up to eight rings at the same time.
((Your skin changes colour to match your surroundings (Stealth+).))
((Your rubbery body absorbs attacks. (AC +1, EV +1)))
((You are camouflaged when in or above water. (Stealth+)))
((You have tentacles for arms and can constrict up to eight enemies at once.))


Message History

You hit the bombardier beetle. You squeeze the bombardier beetle.
You kill the bombardier beetle!
The liquid fire burns you! The kobold hits you with a +0 dagger.
You hit the kobold. You grab the kobold. Your squeeze misses the kobold.
The kobold is moderately wounded.
The liquid fire burns you!
You constrict the kobold.
You kill the kobold!
You shake off some of the fire as you move.
The liquid fire burns you!
Things that are here:
4 gold pieces; a +0 dagger; a stone What are your orders? t - Shout!
Orders for allies: a - Attack new target. r - Retreat! s - Stop attacking. g - Guard the area. f - Follow me.
Anything else - Cancel.
Okay, then.
You are on fire!
Unknown command.
Okay, then.
You are on fire!
You are on fire!
You are on fire!
You are on fire!
The liquid fire burns you! The liquid fire burns you!
* * * LOW HITPOINT WARNING * * *
Your transformation has ended.
You turn into a tree.
Your roots penetrate the ground.
The liquid fire burns you!
* * * LOW HITPOINT WARNING * * *
You are on fire!
The liquid fire burns you!
* * * LOW HITPOINT WARNING * * *
The liquid fire burns you!
You die...
Your body crumbles into a pile of gold.

.. .. .. #.> #.#.# #
###..###.#.# #.####
.......... #....####
#..#....#######....#
#..##......#....##.#
#.#..........#.#####(#
#.#.$..$.....#.# #.#
#.#.#..♣..<....#####.##
#.#.#.#.........##....#
#.#............#...#..#
#.###.##.#..#.###..#..##
####.###........## ##......
#.........######.###..#..##
#.##..#.#.# #..#.#.#..#
#.####.##.# #.#.##.#..# #.#
#.##.# ###.#....#..#


There were no monsters in sight!

Vanquished Creatures
  A bombardier beetle (D:3)
  3 gnolls (D:3)
  4 adders (D:2)
  3 worms (D:2)
  4 endoplasms
  3 giant cockroaches (D:2)
  3 goblins (D:1)
  4 hobgoblins
  2 quokkas (D:1)
  4 ball pythons
  10 bats
  5 frilled lizards
  7 kobolds
  3 rats
56 creatures vanquished.

Notes
Turn   | Place    | Note
-------+----------+-------------------------------------------
     0 | D:1      | autoexplore the Octopode Shapeshifter began the quest for
                  | the Orb.
     0 | D:1      | Reached XP level 1. HP: 13/13 MP: 1/1
    82 | D:1      | Reached skill level 1 in Stealth
   102 | D:1      | Reached XP level 2. HP: 9/18 MP: 2/2
   421 | D:1      | Found a faded altar of an unknown god.
   428 | D:1      | Prayed at the altar of an unknown god.
   428 | D:1      | Became a worshipper of Gozag Ym Sagoz the Greedy
   700 | D:1      | Reached skill level 2 in Stealth
   700 | D:1      | Reached XP level 3. HP: 19/23 MP: 3/3
  1192 | D:2      | Reached skill level 1 in Short Blades
  1243 | D:2      | Reached skill level 3 in Stealth
  1243 | D:2      | Reached XP level 4. HP: 27/28 MP: 4/4
  1257 | D:2      | Found Cucsupt's Assorted Antiques.
  1290 | D:2      | Found Jossutuu's Assorted Antiques.
  1306 | D:2      | Bought a bone ring for 125 gold pieces
  1399 | D:2      | Found Paaly's Jewellery Shop.
  1936 | D:3      | Reached skill level 4 in Stealth
  1939 | D:3      | Reached XP level 5. HP: 24/33 MP: 5/5
  2089 | D:3      | Incinerated by a bombardier beetle

Illustrated notes

Levels and vault maps discovered:
D:1:      saegor_arrival_simple_b, layout_basic,
          dreamdust_ecumenical_altar_statues, minivault_11,
          grunt_decor_resistance
D:2:      layout_loops_cross, serial_shops, shop, shop, shop
D:3:      layout_loops_ring, serial_shops, shop_statue

Skill      XL: |  1  2  3  4 |
---------------+-------------+-----
Stealth        | 1 2 3 4 |  4.5
Short Blades   | 1 2 |  2.4
Fighting       | |  1.0
Dodging        | |  2.0
Unarmed Combat | |  3.0
Shapeshifting  | |  3.8

Action                     |  1- 3 |  4- 6 || total
---------------------------+-------+-------++-------
  Melee: Unarmed           |    59 |       ||    59
         Constrict         |    19 |     8 ||    27
         Tentacles         |     7 |     5 ||    12
         Punch             |     2 |     1 ||     3
         Dagger            |    19 |    29 ||    48
    Use: Scroll            |     5 |       ||     5
         Potion            |       |     2 ||     2
   Stab: Sleeping          |    10 |     4 ||    14
 Armour: Skin              |    29 |    17 ||    46
  Dodge: Dodged            |    45 |    20 ||    65

Table legend: (Time is in decaauts)
 A = Elapsed time spent in this place.
 B = Non-inter-level travel time spent in this place.
 C = Inter-level travel time spent in this place.
 D = Time resting spent in this place.
 E = Time spent auto-exploring this place.
 F = Levels seen in this place.
 G = Mean time per level.
                   A        B        C        D        E       F      G
               +--------+--------+--------+--------+--------+-----+--------+
         Total |   2081 |   2002 |     79 |    395 |   1135 |   3 |  693.7 |
       Dungeon |   2081 |   2002 |     79 |    395 |   1135 |   3 |  693.7 |
               +--------+--------+--------+--------+--------+-----+--------+

Top non-repeatable levels by time:
     D:2: 1059 daAuts
     D:1: 858 daAuts
     D:3: 163 daAuts
